AoeStats
← Oppy96

African Clearing

505486009Analyzed
4v4 RM · 23d ago on Sep 9, 2026· 25m 56s· 8 players
Game mode
Random Map
Map size
Large (8 player)
Population
200
Speed
Normal
Resources
Standard
Victory
Conquest
Starting age
Dark Age
Ending age
Imperial Age
RankedLock teamsTeams togetherTeam positionsShared explorationLock speedFull tech treeHidden civsTurbo modeCheats
Victory
Defeat
🇪🇸 Huns · Spain
1303
+15
🇧🇭 Ethiopians · Bahrain
1265
+16
🇲🇽 Spanish · Mexico
1256
+17
🇩🇰 Mongols · Denmark
1212
+18
🇧🇷 Persians · Brazil
1299
-18
🇮🇳 Huns · India
1296
-18
🇹🇼 Poles · Taiwan
1262
-16
🇩🇪 Persians · Germany
1218
-14
Oppy96
2:57 Loom
15:15 Feudal Age
16:18 Double-Bit Axe
27:38 Castle Age
zooy
5:38 Loom
13:54 Feudal Age
19:36 Castle Age
18:15 Gold Mining
19:41 Fletching
20:25 Bodkin Arrow
Hunt99x
3:30 Loom
15:23 Feudal Age
16:04 Double-Bit Axe
16:47 Horse Collar
19:13 Castle Age
17:48 Stone Mining
19:09 Arson
19:42 Forging
19:32 Scale Mail Armor
20:19 Squires
21:42 Chain Mail Armor
22:01 Fervor
23:29 Iron Casting
Antonio El Conquistador
3:12 Loom
14:00 Feudal Age
14:26 Town Watch
16:32 Double-Bit Axe
20:23 Horse Collar
26:39 Castle Age
26:07 Bloodlines
Just boom!
3:21 Loom
14:19 Feudal Age
20:27 Castle Age
21:58 Double-Bit Axe
moneyfusion06
5:52 Loom
14:11 Feudal Age
21:51 Castle Age
DCCHEN
4:54 Loom
17:13 Feudal Age
17:44 Horse Collar
18:21 Double-Bit Axe
19:16 Bloodlines
23:44 Castle Age
23:14 Forging
23:45 Light Cavalry
25:09 Heavy Plow
25:23 Bow Saw
HAHA
5:24 Loom
12:47 Feudal Age
19:14 Castle Age
23:57 Town Watch
Connection lost

Rejoining the realm…

Still unreachable

The connection could not be restored.

Session expired

The server has moved on; the page needs a fresh start.